 Dungeon Crawl Stone Soup version 0.28-a0-674-gdaf460b524 (webtiles) character file.

Game seed: 4097128800787649410

65 avis the Chopper (level 4, -4/42 HPs)
             Began as a Hill Orc Monk on Oct 18, 2021.
             Slain by a gnoll (8 damage)
             ... on level 2 of the Dungeon.
             The game lasted 00:05:43 (2066 turns).

avis the Chopper (Hill Orc Monk)                    Turns: 2066, Time: 00:05:44

Health: -4/42      AC: 11    Str: 14    XL:     4   Next: 14%
Magic:  4/4        EV:  4    Int: 10    God:
Gold:   39         SH:  0    Dex: 13    Spells: 3/3 levels left

rFire   . . .      SeeInvis .   a - +0 hand axe
rCold   . . .      Faith    .   (no shield)
rNeg    . . .      Spirit   .   c - +0 plate armour
rPois   .          Reflect  .   (no helmet)
rElec   .          Harm     .   (no cloak)
rCorr   .          Rampage  .   h - +0 pair of gloves
Will    .....                   (no boots)
Stlth   ..........              (no amulet)
HPRegen 0.14/turn               (no ring)
MPRegen 0.09/turn               (no ring)

@: no status effects
A: no striking features
a: no special abilities


You were on level 2 of the Dungeon.
You visited 1 branch of the dungeon, and saw 2 of its levels.

You collected 39 gold pieces.

Inventory:

Hand Weapons
 a - a +0 hand axe (weapon)
 l - a +0 spear
Missiles
 e - 48 bolts
 g - 31 arrows
 k - 12 sling bullets
Armour
 c - a +0 plate armour (worn)
 d - a +0 ring mail
 h - a +0 pair of gloves (worn)
Jewellery
 j - a ring of ice
Scrolls
 f - a scroll of identify {unknown}
Potions
 b - a potion of curing {unknown}
 i - 2 potions of heal wounds {unknown}


   Skills:
 - Level 5.0 Fighting
 * Level 5.3 Axes
 - Level 2.4 Dodging
 - Level 1.5 Stealth


You had 3 spell levels left.
You didn't know any spells.
Your spell library was empty.

Dungeon Overview and Level Annotations

Branches:
Dungeon (2/15)

Altars:


Message History

Your plate armour prevents you from hitting the gnoll.
The gnoll is moderately wounded.
The gnoll hits you with a +0 spear.
You barely miss the gnoll.
The gnoll is moderately wounded.
The gnoll hits you but does no damage.
You hit the gnoll.
The gnoll is severely wounded.
The gnoll hits you with a +0 spear.
You hit the gnoll but do no damage.
The gnoll is severely wounded.
The gnoll hits you with a +0 spear.
You hit the gnoll.
You kill the gnoll!
You have reached level 4!
Items here: )) ††.
l - a +0 spear
There is a stone staircase leading down, spattered with blood here.
You start resting.
HP restored.
Search for what [Enter for "."]? .
You climb downwards.
There is a stone staircase leading up here.
The gnoll hits you with a +0 halberd!
Your plate armour prevents you from hitting the gnoll.
The gnoll hits you with a +0 halberd!
You barely miss the gnoll. The gnoll hits you but does no damage.
You barely miss the gnoll. The gnoll hits you with a +0 halberd.
You closely miss the gnoll. The gnoll hits you with a +0 halberd.
You barely miss the gnoll. The gnoll hits you with a +0 halberd!
* * * LOW HITPOINT WARNING * * *
You hit the gnoll.
The gnoll is moderately wounded.
The gnoll hits you with a +0 halberd!
* * * LOW HITPOINT WARNING * * *
Okay, then.
The gnoll hits you but does no damage.
There is a stone staircase leading up here.
The gnoll hits you from afar with a +0 halberd!
You die...

..!...............#...##÷#.#.#.#.
.........................#.#.#.#.
.........................#.#.#.#.
.........................#.#.#.#.
......).....⌠.⌠...#.######.#.#.#.
.####.................>.)..#.#.#.
#####..._.⌠g.............#.#.
#......#....#............
##....⌠#@...#......###...
####.##..#.#......# ####
#.......#.#......#
###.#####.#.#......# #.....#
#.#.#......# #######.....#
#.#.#......# #....##.....#
#.#.#......# #....##..†..#
#.#.#......# #.....†.....#
#.#.#...####


You could see a gnoll.

Vanquished Creatures
  2 gnolls (D:1)
  2 adders
  A dart slug (D:1)
  3 ball pythons (D:2)
  3 bats
  2 endoplasms
  A giant cockroach (D:2)
  4 jackals (D:1)
  A kobold (D:2)
  4 frilled lizards
  5 rats
28 creatures vanquished.

Notes
Turn   | Place    | Note
-------+----------+-------------------------------------------
     0 | D:1      | avis the Hill Orc Monk began the quest for the Orb.
     0 | D:1      | Reached XP level 1. HP: 19/19 MP: 1/1
   330 | D:1      | Reached XP level 2. HP: 19/26 MP: 2/2
   462 | D:1      | Reached skill level 5 in Axes
  1259 | D:2      | Reached XP level 3. HP: 32/34 MP: 3/3
  1277 | D:2      | Found a faded altar of an unknown god.
  1831 | D:1      | Reached skill level 5 in Fighting
  1921 | D:1      | Reached XP level 4. HP: 24/42 MP: 4/4
  2066 | D:2      | Slain by a gnoll

Illustrated notes

Levels and vault maps discovered:
D:1:      dpeg_arrival_round_c, layout_loops_ring
D:2:      layout_basic, hellmonk_ecumenical_altar_run_dry

Skill      XL: |  1  2  3 |
---------------+----------+-----
Axes           | 5 |  5.3
Fighting       | 4 5 |  5.0
Dodging        | |  2.4
Stealth        | |  1.5

Action                   |  1- 3 |  4- 6 || total
-------------------------+-------+-------++-------
Melee: Hand axe          |   137 |     6 ||   143
Armor: Plate armour      |    94 |     2 ||    96
Dodge: Dodged            |    25 |       ||    25

Table legend: (Time is in decaauts)
 A = Elapsed time spent in this place.
 B = Non-inter-level travel time spent in this place.
 C = Inter-level travel time spent in this place.
 D = Time resting spent in this place.
 E = Time spent auto-exploring this place.
 F = Levels seen in this place.
 G = Mean time per level.
                   A        B        C        D        E       F      G
               +--------+--------+--------+--------+--------+-----+--------+
         Total |   2079 |   1926 |    153 |    800 |    717 |   2 | 1039.5 |
       Dungeon |   2079 |   1926 |    153 |    800 |    717 |   2 | 1039.5 |
               +--------+--------+--------+--------+--------+-----+--------+

Top non-repeatable levels by time:
     D:1: 1538 daAuts
     D:2: 541 daAuts
